 Dungeon Crawl Stone Soup version 0.20-a0-640-g62ed22f (webtiles) character file.

77 polly the Slasher (level 4, -9/34 HPs)
             Began as a Demonspawn Gladiator on Feb 13, 2017.
             Shot with an arrow by a centaur (11 damage)
             ... on level 3 of the Dungeon.
             The game lasted 00:02:41 (2583 turns).

polly the Slasher (Demonspawn Gladiator)            Turns: 2583, Time: 00:02:43

Health: -9/34      AC:  0    Str: 13 (15) XL:     4   Next: 13%
Magic:  4/4        EV: 11    Int: 10 (11) God:
Gold:   156        SH:  0    Dex: 14 (17) Spells: 3/3 levels left

rFire    . . .     SeeInvis .   a - +0 long sword
rCold    + . .     Gourm    .   l - +1 ring mail "Plog" {*Corrode rN++ Int+2 Dex+2}
rNeg     + + .     Faith    .   (no shield)
rPois    .         Spirit   .   c - +0 helmet
rElec    .         Reflect  .   (no cloak)
rCorr    .         Harm     .   (no gloves)
MR       .....                  (no boots)
Stlth    +.........             h - amulet of magic regeneration
Regen    0.2/turn               (no ring)
MPRegen  0.2/turn               (no ring)

@: corroded
A: cold resistance 1, freezing cloud immunity
a: no special abilities


You were on level 3 of the Dungeon.
You were not hungry.

You visited 1 branch of the dungeon, and saw 3 of its levels.

You collected 156 gold pieces.

Inventory:

Hand Weapons
 a - a +0 long sword (weapon)
Missiles
 d - 3 throwing nets (quivered)
 k - 5 javelins of returning
Armour
 c - a +0 helmet (worn)
 l - the +1 ring mail "Plog" (worn) {*Corrode rN++ Int+2 Dex+2}
   (You found it on level 1 of the Dungeon)

   It affects your intelligence (+2).
   It affects your dexterity (+2).
   It greatly protects you from negative energy.
   It may corrode you when you take damage.
Jewellery
 h - an amulet of magic regeneration (around neck)
 t - an uncursed amulet of rage {unknown}
 x - a +3 ring of evasion {unknown}
Scrolls
 e - a scroll of fog {unknown}
 m - a scroll of enchant armour {unknown}
 r - a scroll of amnesia {unknown}
 s - 2 scrolls of identify {unknown}
 v - a scroll of recharging {unknown}
 w - a scroll of noise {unknown}
 y - a scroll of fear {unknown}
Potions
 j - a potion of berserk rage {unknown}
 n - a potion of curing {unknown}
 o - a potion of flight {unknown}
 p - a potion of brilliance {unknown}
 q - a potion of haste {unknown}
Comestibles
 b - 2 royal jellies
 f - 2 bread rations
 g - a meat ration
 u - 2 chunks of flesh


   Skills:
 + Level 2.7 Fighting
 + Level 3.6 Long Blades
 + Level 1.9 Throwing
 + Level 0.6 Armour
 + Level 3.0 Dodging
 + Level 0.4 Stealth


You had 3 spell levels left.
You didn't know any spells.

Dungeon Overview and Level Annotations

Branches:
Dungeon (3/15)

Altars:


Innate Abilities, Weirdness & Mutations

Your flesh is cold resistant. (rC+)
You are immune to freezing clouds.


Message History

You see here an arrow.
The bat closely misses you. The bat hits you.
* * * LOW HITPOINT WARNING * * *
Your corrosive artefact corrodes you!
The centaur shoots an arrow.
The arrow closely misses you. The bat misses you.
You riposte.
You hit the bat.
The bat is severely wounded.
The centaur shoots an arrow.
The arrow hits you.
* * * LOW HITPOINT WARNING * * *
You see here an arrow.
The bat hits you.
* * * LOW HITPOINT WARNING * * *
It was a potion of degeneration.
There was something very wrong with that liquid.
You feel weakened.
You feel dopey.
You feel clumsy. The bat completely misses you.
You riposte.
You completely miss the bat.
The bat is severely wounded.
The centaur shoots an arrow.
The arrow hits you!
You die...

### #.##### #...(.####
.#
#####..##..c.#####..##
#..........#.†#.......
#..........##(.c..(...
#......b(..###........
#...>..@.>.# ##....... #
#....(.....# #........#
###...##................
#.########.##(.......#
##.# #.# ........# #..#
#..###....#.. #.##
#..##....... #.#
#..#....... #####.#####
#...###...


You could see a centaur and a bat.

Vanquished Creatures
  An adder (D:2)
  An ooze (D:3)
  A worm (D:2)
  2 dart slugs (D:1)
  2 leopard geckos (D:1)
  4 orcs (D:3)
  5 bats
  A giant cockroach (D:1)
  9 hobgoblins
  8 kobolds
  A ball python (D:2)
  6 frilled lizards
  2 goblins
  9 rats
52 creatures vanquished.

Notes
Turn   | Place    | Note
-------+----------+-------------------------------------------
     0 | D:1      | polly the Demonspawn Gladiator began the quest for the Orb.
     0 | D:1      | Reached XP level 1. HP: 16/16 MP: 1/1
    58 | D:1      | Gained mutation: Your flesh is cold resistant. (rC+) [demonic ancestry]
    58 | D:1      | Reached XP level 2. HP: 12/22 MP: 2/2
  1071 | D:1      | Got a scorched ring mail
  1086 | D:1      | Identified the +1 ring mail "Plog" {*Corrode rN++ Int+2 Dex+2} (You found it on level 1 of the Dungeon)
  1667 | D:1      | Reached XP level 3. HP: 28/28 MP: 3/3
  2453 | D:3      | Gained mutation: You are immune to freezing clouds. [demonic ancestry]
  2453 | D:3      | Reached XP level 4. HP: 31/34 MP: 4/4
  2568 | D:3      | Noticed a centaur
  2583 | D:3      | Shot with an arrow by a centaur

Vault maps used:
D:1:      erik_arrival_cave_to_civilisation, minivault_5
D:3:      minmay_misc_feat_hallway

Skill      XL: |  1  2  3 |
---------------+----------+-----
Long Blades    | 3 |  3.6
Dodging        | 3 |  3.0
Fighting       | |  2.7
Throwing       | |  1.9
Armour         | |  0.6
Stealth        | |  0.4

Action                   |  1- 3 |  4- 6 || total
-------------------------+-------+-------++-------
Melee: Long sword        |   116 |    18 ||   134
  Use: Potion            |       |     1 ||     1
 Stab: Sleeping          |     1 |       ||     1
  Eat: Chunk             |     5 |       ||     5
Armor: Leather armour    |    10 |       ||    10
       Ring mail         |    27 |     6 ||    33
Dodge: Dodged            |    85 |    29 ||   114
       Rpst.: Long sword |    33 |    12 ||    45
